TOP OF THE 1ST |
Atlanta Braves batting - Pitching for Houston Astros : LHP George H Stone
|
Pitching: LHP George H Stone
|
|
Batting: LHB Brett Butler
|
0-0: Ball 1-0: Ball 2-0: SINGLE (Groundball, 56D, EV 103.8 MPH)
|
Batting: LHB Leon Durham
|
0-0: Called Strike 0-1: Ball 1-1: Ball 2-1: Swinging Strike 2-2: Ball 3-2: Foul Ball, location: 2F 3-2: Foul Ball, location: 2F 3-2: SINGLE (Groundball, 3L, EV 109.4 MPH) Brett Butler to second Brett Butler to third
|
Batting: LHB Joe L Morgan
|
0-0: Ball Wild Pitch! Brett Butler scores Leon Durham to second 1-0: Ball 2-0: Ball 3-0: Foul Ball, location: 2F 3-1: Called Strike 3-2: Foul Ball, location: 2F 3-2: Foul Ball, location: 2F 3-2: Ground out 3-1 (Groundball, 34S, EV 87.5 MPH) Leon Durham to third
|
Batting: LHB Karl Pagel
|
0-0: Foul Ball, location: 2F 0-1: Swinging Strike 0-2: DOUBLE (Groundball, 3D, EV 103.1 MPH) Leon Durham scores
|
Batting: LHB Brent Hillenga
|
0-0: Ball Wild Pitch! Karl Pagel to third 1-0: Ball 2-0: Fly out, F9 (Flyball, 9D, EV 104.4 MPH) Runner from 3rd tags up, SCORES, throw by RF
|
Batting: SHB UL Washington
|
0-0: Ball 1-0: Ball 2-0: Called Strike 2-1: Fly out, F6 (Flyball, 56D, EV 85.0 MPH)
|
Top of the 1st over - 3 runs, 3 hits, 0 errors, 0 left on base; Atlanta 3 - Houston 0 |
BOTTOM OF THE 1ST |
Houston Astros batting - Pitching for Atlanta Braves : RHP Alan Knicely
|
Pitching: RHP Alan Knicely
|
|
Batting: LHB Jose Cruz
|
0-0: SINGLE (Flyball, 9S, EV 88.1 MPH)
|
Batting: RHB John Castino
|
0-0: Ball 1-0: Grounds into double play, 4-6-3 (Groundball, 34, EV 100.6 MPH)
|
Batting: RHB Julio Franco
|
0-0: Fly out, F9 (Line Drive, 9, EV 97.5 MPH)
|
Bottom of the 1st over - 0 runs, 1 hit, 0 errors, 0 left on base; Atlanta 3 - Houston 0 |
TOP OF THE 2ND |
Atlanta Braves batting - Pitching for Houston Astros : LHP George H Stone
|
Batting: RHB Adam Suman
|
0-0: Swinging Strike 0-1: Ball 1-1: Called Strike 1-2: Foul Ball, location: 2F 1-2: Fly out, F6 (Flyball, 56D, EV 90.6 MPH)
|
Batting: RHB Tom Veryzer
|
0-0: Swinging Strike 0-1: SINGLE (Flyball, 89S, EV 93.1 MPH)
|
Batting: RHB Alan Knicely
|
0-0: Bunt missed! 0-1: Bunted foul 0-2: Bunt missed, Strikeout!
|
Batting: LHB Brett Butler
|
0-0: Called Strike 0-1: Ball 1-1: Foul Ball, location: 2F 1-2: Ball 2-2: Ball 3-2: Fly out, F8 (Flyball, 8RD, EV 98.8 MPH)
|
Top of the 2nd over - 0 runs, 1 hit, 0 errors, 1 left on base; Atlanta 3 - Houston 0 |
BOTTOM OF THE 2ND |
Houston Astros batting - Pitching for Atlanta Braves : RHP Alan Knicely
|
Batting: LHB Steve Kemp
|
0-0: Ball 1-0: Foul Ball, location: 2F 1-1: Ball 2-1: Swinging Strike 2-2: Ground out 1-3 (Groundball, 34S, EV 63.8 MPH)
|
Batting: RHB Zail Smith
|
0-0: Called Strike 0-1: Ball 1-1: Ball 2-1: Foul Ball, location: 2F 2-2: Ground out U3 (Groundball, 34, EV 90.0 MPH)
|
Batting: SHB Christopher Clark
|
0-0: Foul Ball, location: 2F 0-1: Foul Ball, location: 2F 0-2: Ball 1-2: Ball 2-2: Ball 3-2: Base on Balls
|
Batting: LHB Jerry Narron
|
0-0: Called Strike 0-1: Ball 1-1: Ball 2-1: Foul Ball, location: 2F 2-2: Strikes out swinging
|
Bottom of the 2nd over - 0 runs, 0 hits, 0 errors, 1 left on base; Atlanta 3 - Houston 0 |
TOP OF THE 3RD |
Atlanta Braves batting - Pitching for Houston Astros : LHP George H Stone
|
Batting: LHB Leon Durham
|
0-0: Ball 1-0: Ball 2-0: Called Strike 2-1: Called Strike 2-2: SINGLE (Groundball, 34S, EV 88.8 MPH) (infield hit)
|
Batting: LHB Joe L Morgan
|
0-0: Swinging Strike 0-1: Ball 1-1: Ball Leon Durham steals 2nd base (no throw) 2-1: Ball 3-1: Base on Balls
|
Batting: LHB Karl Pagel
|
0-0: Called Strike 0-1: Fly out, F7 (Line Drive, 7, EV 93.1 MPH)
|
Batting: LHB Brent Hillenga
|
0-0: Foul Ball, location: 2F 0-1: Foul Ball, location: 2F 0-2: Foul Ball, location: 2F 0-2: Ground out U3 (Groundball, 34S, EV 68.8 MPH) Leon Durham to third Joe L Morgan to second
|
Batting: SHB UL Washington
|
0-0: Called Strike 0-1: Ball 1-1: Foul Ball, location: 2F 1-2: Foul Ball, location: 2F 1-2: Strikes out looking and he ARGUES THE CALL AND IS TOSSED!
|
Top of the 3rd over - 0 runs, 1 hit, 0 errors, 2 left on base; Atlanta 3 - Houston 0 |
BOTTOM OF THE 3RD |
Houston Astros batting - Pitching for Atlanta Braves : RHP Alan Knicely
|
Now at SS: Guy Sularz
|
|
Batting: SHB Tom Herr
|
0-0: Ball 1-0: Ground out 3-1 (Groundball, 3S, EV 61.9 MPH)
|
Batting: LHB George H Stone
|
0-0: Ball 1-0: Swinging Strike 1-1: Foul Ball, location: 2F 1-2: Strikes out swinging
|
Batting: LHB Jose Cruz
|
0-0: Foul Ball, location: 2F 0-1: Fly out, F7 (Flyball, 7LS, EV 95.0 MPH)
|
Bottom of the 3rd over - 0 runs, 0 hits, 0 errors, 0 left on base; Atlanta 3 - Houston 0 |
TOP OF THE 4TH |
Atlanta Braves batting - Pitching for Houston Astros : LHP George H Stone
|
Batting: RHB Adam Suman
|
0-0: Ball 1-0: Called Strike 1-1: Ball 2-1: Swinging Strike 2-2: Strikes out swinging
|
Batting: RHB Tom Veryzer
|
0-0: Ball 1-0: Called Strike 1-1: Fly out, F5 (Popup, 25F, EV 86.3 MPH)
|
Batting: RHB Alan Knicely
|
0-0: Ball 1-0: Called Strike 1-1: Ball 2-1: Fly out, F9 (Flyball, 9D, EV 100.6 MPH)
|
Top of the 4th over - 0 runs, 0 hits, 0 errors, 0 left on base; Atlanta 3 - Houston 0 |
BOTTOM OF THE 4TH |
Houston Astros batting - Pitching for Atlanta Braves : RHP Alan Knicely
|
Batting: RHB John Castino
|
0-0: Ball 1-0: Foul Ball, location: 2F 1-1: Ball 2-1: Ball 3-1: SINGLE (Line Drive, 8RS, EV 105.6 MPH)
|
Batting: RHB Julio Franco
|
0-0: Ball 1-0: Ball 2-0: Fly out, F9 (Flyball, 89S, EV 91.3 MPH)
|
Batting: LHB Steve Kemp
|
0-0: Fielders Choice at 2nd, 3-6 (Groundball, 3S, EV 84.4 MPH)
|
Batting: RHB Zail Smith
|
0-0: Called Strike 0-1: Ball 1-1: Called Strike 1-2: Ball 2-2: Ball 3-2: Foul Ball, location: 2F 3-2: Foul Ball, location: 2F 3-2: Strikes out looking
|
Bottom of the 4th over - 0 runs, 1 hit, 0 errors, 1 left on base; Atlanta 3 - Houston 0 |
TOP OF THE 5TH |
Atlanta Braves batting - Pitching for Houston Astros : LHP George H Stone
|
Pitching: RHP Ernie Camacho
|
|
Batting: LHB Brett Butler
|
0-0: Ground out 4-3 (Groundball, 4, EV 91.3 MPH)
|
Batting: LHB Leon Durham
|
0-0: Ball 1-0: Foul Ball, location: 2F 1-1: Fly out, F8 (Flyball, 78D, EV 94.4 MPH)
|
Batting: LHB Joe L Morgan
|
0-0: Ball 1-0: Foul Ball, location: 2F 1-1: Foul Ball, location: 2F 1-2: Ball 2-2: Ball 3-2: Ground out 4-3 (Groundball, 4, EV 81.9 MPH)
|
Top of the 5th over - 0 runs, 0 hits, 0 errors, 0 left on base; Atlanta 3 - Houston 0 |
BOTTOM OF THE 5TH |
Houston Astros batting - Pitching for Atlanta Braves : RHP Alan Knicely
|
Pitching: RHP Doc Medich
|
|
Batting: SHB Christopher Clark
|
0-0: Ground out 4-3 (Groundball, 4, EV 103.1 MPH)
|
Batting: LHB Jerry Narron
|
0-0: Called Strike 0-1: SOLO HOME RUN (Flyball, 9LD, EV 103.1 MPH), Distance : 354 ft
|
Batting: SHB Tom Herr
|
0-0: Foul Ball, location: 2F 0-1: Swinging Strike 0-2: Ball 1-2: Ball 2-2: SINGLE (Groundball, P, EV 81.3 MPH) (infield hit)
|
Batting: RHB Ernie Camacho
|
0-0: Called Strike 0-1: Ball 1-1: Bunt missed! 1-2: Reached on error, E2 (Groundball, 2L, EV 43.8 MPH) Tom Herr to third
|
Batting: LHB Jose Cruz
|
0-0: Called Strike 0-1: Ball 1-1: Called Strike 1-2: Fly out, F6 (Flyball, 6D, EV 89.4 MPH)
|
Batting: RHB John Castino
|
0-0: Foul Ball, location: 2F 0-1: Swinging Strike 0-2: Foul Ball, location: 2F 0-2: Ball 1-2: Ball 2-2: Strikes out swinging
|
Bottom of the 5th over - 1 run, 2 hits, 1 error, 2 left on base; Atlanta 3 - Houston 1 |
TOP OF THE 6TH |
Atlanta Braves batting - Pitching for Houston Astros : RHP Ernie Camacho
|
Batting: LHB Karl Pagel
|
0-0: Ground out 4-3 (Groundball, 34, EV 103.1 MPH)
|
Batting: LHB Brent Hillenga
|
0-0: Foul Ball, location: 2F 0-1: Foul Ball, location: 2F 0-2: Foul Ball, location: 2F 0-2: Strikes out swinging
|
Batting: RHB Guy Sularz
|
0-0: Called Strike 0-1: Ball 1-1: Ball 2-1: Foul Ball, location: 2F 2-2: SINGLE (Line Drive, 89M, EV 103.1 MPH)
|
Batting: RHB Adam Suman
|
0-0: Ball 1-0: Fly out, F8 (Line Drive, 8LM, EV 93.8 MPH)
|
Top of the 6th over - 0 runs, 1 hit, 0 errors, 1 left on base; Atlanta 3 - Houston 1 |
BOTTOM OF THE 6TH |
Houston Astros batting - Pitching for Atlanta Braves : RHP Doc Medich
|
Batting: RHB Julio Franco
|
0-0: Fly out, F3 (Popup, 3F, EV 73.1 MPH)
|
Batting: LHB Steve Kemp
|
0-0: Ball 1-0: Ball 2-0: Called Strike 2-1: SINGLE (Line Drive, 89S, EV 97.5 MPH)
|
Batting: RHB Zail Smith
|
0-0: Fly out, F7 (Flyball, 7LD, EV 104.4 MPH)
|
Batting: SHB Christopher Clark
|
0-0: Fly out, F9 (Flyball, 89D, EV 80.6 MPH)
|
Bottom of the 6th over - 0 runs, 1 hit, 0 errors, 1 left on base; Atlanta 3 - Houston 1 |
TOP OF THE 7TH |
Atlanta Braves batting - Pitching for Houston Astros : RHP Ernie Camacho
|
Batting: RHB Tom Veryzer
|
0-0: Called Strike 0-1: Ball 1-1: Ball 2-1: Foul Ball, location: 2F 2-2: Ball 3-2: Foul Ball, location: 2F 3-2: Foul Ball, location: 2F 3-2: Foul Ball, location: 2F 3-2: Base on Balls
|
Pinch Hitting: LHB Mike Hargrove
|
0-0: Ball Tom Veryzer steals 2nd, throwing error, E2 Tom Veryzer to third 1-0: Fly out, F7 (Flyball, 7S, EV 86.9 MPH)
|
Pinch Hitting: RHB Dan Ford
|
0-0: Ball 1-0: Called Strike 1-1: Foul Ball, location: 2F 1-2: Foul Ball, location: 2F 1-2: Ball 2-2: Ball 3-2: Strikes out swinging
|
Pitching: RHP Freddy Guerrero
|
|
Pinch Hitting: RHB Dave Stegman
|
0-0: Called Strike 0-1: Ball 1-1: Ground out 6-3 (Groundball, 6, EV 90.6 MPH)
|
Top of the 7th over - 0 runs, 0 hits, 1 error, 1 left on base; Atlanta 3 - Houston 1 |
BOTTOM OF THE 7TH |
Houston Astros batting - Pitching for Atlanta Braves : RHP Doc Medich
|
Pitching: RHP Gary Carter
|
|
Now in LF: Dan Ford
|
|
Now in RF: Dave Stegman
|
|
Batting: LHB Jerry Narron
|
0-0: Foul Ball, location: 2F 0-1: Called Strike 0-2: Ball 1-2: Foul Ball, location: 2F 1-2: Strikes out swinging
|
Batting: SHB Tom Herr
|
0-0: Foul Ball, location: 2F 0-1: Ball 1-1: Ball 2-1: Ball 3-1: Foul Ball, location: 2F 3-2: Strikes out swinging
|
Pinch Hitting: SHB Bill D Doran
|
0-0: Swinging Strike 0-1: Ball 1-1: Foul Ball, location: 2F 1-2: Ball 2-2: Ball 3-2: Strikes out swinging
|
Bottom of the 7th over - 0 runs, 0 hits, 0 errors, 0 left on base; Atlanta 3 - Houston 1 |
TOP OF THE 8TH |
Atlanta Braves batting - Pitching for Houston Astros : RHP Freddy Guerrero
|
Pitching: LHP Richard Thompson
|
|
Pinch Hitting: LHB Dan Rohn
|
0-0: Foul Ball, location: 2F 0-1: Ball 1-1: Ball 2-1: Called Strike 2-2: Strikes out swinging
|
Batting: LHB Karl Pagel
|
0-0: Ball 1-0: Foul Ball, location: 2F 1-1: Foul Ball, location: 2F 1-2: Foul Ball, location: 2F 1-2: Foul Ball, location: 2F 1-2: Strikes out looking
|
Pinch Hitting: RHB Dave Sax
|
0-0: Ball 1-0: Called Strike 1-1: Foul Ball, location: 2F 1-2: Ball 2-2: Ball 3-2: Base on Balls
|
Batting: RHB Guy Sularz
|
0-0: Called Strike Dave Sax is caught stealing 2nd base 2-4
|
Top of the 8th over - 0 runs, 0 hits, 0 errors, 0 left on base; Atlanta 3 - Houston 1 |
BOTTOM OF THE 8TH |
Houston Astros batting - Pitching for Atlanta Braves : RHP Gary Carter
|
Now at 1B: Dave Sax
|
|
Now at 2B: Dan Rohn
|
|
Pinch Hitting: RHB Dave Valle
|
0-0: Fly out, F9 (Flyball, 89D, EV 109.4 MPH)
|
Pinch Hitting: RHB Ricky Adams
|
0-0: Called Strike 0-1: Swinging Strike 0-2: Strikes out swinging
|
Pinch Hitting: RHB Danny Jasso
|
0-0: Fly out, F9 (Flyball, 89S, EV 96.3 MPH)
|
Bottom of the 8th over - 0 runs, 0 hits, 0 errors, 0 left on base; Atlanta 3 - Houston 1 |
TOP OF THE 9TH |
Atlanta Braves batting - Pitching for Houston Astros : LHP Richard Thompson
|
Now at 1B: Dave Valle
|
|
Now at 3B: Ricky Adams
|
|
Now at SS: Danny Jasso
|
|
Batting: RHB Guy Sularz
|
0-0: Ball 1-0: Ball 2-0: Swinging Strike 2-1: Ball 3-1: Foul Ball, location: 2F 3-2: Fly out, F8 (Flyball, 8LM, EV 77.5 MPH)
|
Pinch Hitting: SHB Donnie Scott
|
0-0: Ball 1-0: Ball 2-0: Ball 3-0: Base on Balls
|
Pinch Hitting: RHB James Shinn
|
0-0: Ball 1-0: Called Strike 1-1: Ball 2-1: Ball 3-1: Base on Balls Donnie Scott to second
|
Pinch Hitting: SHB Tony Fernandez
|
0-0: DOUBLE (Flyball, 89XD, EV 97.5 MPH) Donnie Scott scores James Shinn to third Runner from 3rd tries for Home, SAFE, throw by RF to trailing runner, SAFE at third!
|
Batting: RHB Dan Ford
|
0-0: Foul Ball, location: 2F 0-1: Foul Ball, location: 2F 0-2: Ball 1-2: Ball 2-2: Ball 3-2: Base on Balls
|
Pitching: LHP Keith Comstock
|
|
Batting: RHB Dave Stegman
|
0-0: Called Strike 0-1: Swinging Strike 0-2: Ball 1-2: Ball 2-2: Foul Ball, location: 2F 2-2: SINGLE (Groundball, 56D, EV 97.5 MPH) Tony Fernandez scores Dan Ford to second
|
Batting: LHB Dan Rohn
|
0-0: Foul Ball, location: 2F 0-1: Ball 1-1: Ball 2-1: Ball 3-1: Base on Balls Dan Ford to third Dave Stegman to second
|
Batting: LHB Karl Pagel
|
0-0: Ball 1-0: Called Strike 1-1: Ball 2-1: Swinging Strike 2-2: Strikes out swinging
|
Batting: RHB Dave Sax
|
0-0: Ball 1-0: Swinging Strike 1-1: Foul Ball, location: 2F 1-2: Strikes out swinging
|
Top of the 9th over - 3 runs, 2 hits, 0 errors, 3 left on base; Atlanta 6 - Houston 1 |
BOTTOM OF THE 9TH |
Houston Astros batting - Pitching for Atlanta Braves : RHP Gary Carter
|
Pitching: LHP Wilbur Wood
|
|
Now at C: Donnie Scott
|
|
Now at SS: Tony Fernandez
|
|
Pinch Hitting: RHB Mickey Hatcher
|
0-0: Ball 1-0: Swinging Strike 1-1: Fly out, F8 (Flyball, 8LD, EV 88.8 MPH)
|
Batting: RHB Zail Smith
|
0-0: Ball 1-0: Swinging Strike 1-1: SINGLE (Groundball, 4MD, EV 86.3 MPH) (infield hit)
|
Pinch Hitting: RHB Ron Tingley
|
0-0: Grounds into double play, 6-4-3 (Groundball, 6, EV 105.6 MPH)
|
Bottom of the 9th over - 0 runs, 1 hit, 0 errors, 0 left on base; Atlanta 6 - Houston 1 |
|